cohdb
Replays
Latest Replays
All Replays
Popular Replays
Top Player Replays
Match Explorer
How It Works
Community
CoH3 Stats
Reddit
Sign in to upload your games and track your stats! →
Sign in with Steam
Match 39542913
Unlisted
Match 39542913
Overview
Messages
Build Orders
End
Construct Weapon Support Center
Engineer Squad
Selects Heavy Weapons
M1919 Machine Gun Team
M1919 Machine Gun Team
Infantry Support Center
M3 Armored Personnel Carrier
M1919 Machine Gun Team
Engineer Squad
Engineer Squad
Construct Medical Station
Selects M2HB .50cal Heavy Machine Gun
Selects Assault Carriers
Improved M9 Bazooka Rockets
Bazooka Squad
M3 Assault Carrier
Construct Barracks
M3 Assault Carrier
Riflemen Squad
Selects Halftrack Strongpoints
Riflemen Squad
Grenade Package
Bazooka Squad
AlexanderTheGr8
>>>---[APACHON]--->
Zimson
CuteBaguettE
BIOHAZARD
=BIA=Daghito
demenza058
Giovanni
0
0
Comments
sign in to comment!
No comments posted yet!